 Dungeon Crawl Stone Soup version 0.18-a0-1157-g59db91b (webtiles) character file.

1128 Kidiri the Sneak (level 8, -2/36 HPs)
             Began as a Spriggan Enchanter on Jan 23, 2016.
             Was an Initiate of Dithmenos.
             Shot with an arrow by a centaur (16 damage)
             ... on level 6 of the Dungeon.
             The game lasted 00:24:34 (8477 turns).

Kidiri the Sneak (Spriggan Enchanter)               Turns: 8477, Time: 00:24:34

Health: -2/36      AC:  4    Str:  4    XL:     8   Next: 13%
Magic:  3/17       EV: 22    Int: 18    God:    Dithmenos [......]
Gold:   238        SH:  0    Dex: 17    Spells: 5 memorised, 6 levels left

rFire  + + .     SeeInvis +     a - +3 dagger
rCold  . . .     Gourm    .     q - +2 robe {rF+}
rNeg   . . .     Faith    +     (shield restricted)
rPois  .         Spirit   .     (helmet restricted)
rElec  .         Dismiss  .     (no cloak)
rCorr  .         Reflect  .     (gloves unavailable)
SustAt .         Harm     .     (boots unavailable)
MR     +....                    e - amulet of faith
Stlth  ++++......               x - ring of protection from fire
                                j - ring of wizardry

@: very slightly contaminated, very quick, somewhat resistant to hostile
enchantments, stealthy
A: unfitting armour, see invisible, herbivore 3, speed 3, slow metabolism 2
a: Renounce Religion


You were on level 6 of the Dungeon.
You worshipped Dithmenos.
Dithmenos was noncommittal.
You were hungry.

You visited 2 branches of the dungeon, and saw 7 of its levels.

You collected 238 gold pieces.

Inventory:

Hand Weapons
 a - a +3 dagger (weapon)
Armour
 q - a +2 robe of fire resistance (worn)
Jewellery
 e - an amulet of faith (around neck)
 j - a ring of wizardry (left hand)
 x - a ring of protection from fire (right hand)
Wands
 l - a wand of invisibility (3/9)
 t - a wand of confusion (19/48)
 v - a wand of slowing (26/48)
 w - a wand of lightning (6/15)
Scrolls
 k - 5 scrolls of fear
 o - 2 scrolls of remove curse
 p - 2 scrolls of amnesia
Potions
 b - a potion of might {unknown}
 f - a potion of brilliance {unknown}
 g - a potion of mutation {unknown}
 h - 3 potions of invisibility
 i - 5 potions of curing
 m - 2 potions of agility {unknown}
 n - 2 potions of haste {unknown}
 r - a potion of cure mutation {unknown}
 s - 2 potions of lignification {unknown}
 u - a potion of poison {unknown}
Books
 c - a book of Maledictions

   Spells                             Type                      Level
   a - Corona                         Hexes                        1
   b - Ensorcelled Hibernation        Hexes/Ice                    2
   c - Confuse                        Hexes                        3
   d - Tukima's Dance                 Hexes                        3
   e - Dazzling Spray                 Conjuration/Hexes            3
Comestibles
 d - 4 bread rations


   Skills:
 * Level 4.8 Short Blades
 * Level 6.3 Dodging
 * Level 7.5 Stealth
 * Level 5.6 Spellcasting
 + Level 1.5 Conjurations
 + Level 4.7 Hexes
 + Level 2.1 Ice Magic
 + Level 1.3 Invocations


You had 6 spell levels left.
You knew the following spells:

 Your Spells              Type           Power        Failure   Level  Hunger
a - Corona                Hex            ###....      1%          1    None
b - Ensorcelled Hibernat  Hex/Ice        ###...       2%          2    None
c - Confuse               Hex            ###.....     2%          3    ##.....
d - Tukima's Dance        Hex            ###.....     2%          3    ##.....
e - Dazzling Spray        Conj/Hex       ###.....     4%          3    ##.....


Dungeon Overview and Level Annotations

Branches:
Dungeon (6/15)             Temple (1/1) D:5

Altars:
Ashenzari
Cheibriados
Dithmenos
Elyvilon
Fedhas
Gozag
Kikubaaqudgha
Makhleb
Nemelex Xobeh
Okawaru
Pakellas
Sif Muna
Trog
Vehumet
Xom
Yredelemnul
Zin
The Shining One


Innate Abilities, Weirdness & Mutations

You are tiny and cannot use many weapons and most armour.
You have supernaturally acute eyesight.
You are a herbivore.
You cover ground extremely quickly.
You need consume almost no food.


Message History

The orc priest appears confused.
The orc priest barely misses the orc wizard.
The centaur shoots an arrow.
The arrow hits your hand axe!
Your hand axe falls from the air.
Unknown command.
You hit the orc priest.
The orc priest is heavily wounded.
A centaur comes into view.
The centaur shouts!
You hit the orc priest.
The orc priest is severely wounded.
The orc priest closely misses the orc wizard.
A centaur comes into view.
Unknown command.
You hit the orc priest.
You kill the orc priest!
Dithmenos accepts your kill.
The centaur shoots an arrow.
The arrow completely misses you.
The centaur wields a shortbow.
The centaur shoots an arrow.
The arrow hits you!
You die...

..##....##......#
# #.#.###......#
#.##.......######
#......#####
####.### #.#
#.#######
#####c...c...
#..@(o#.##.#.
#.###c#.# .. #.#
# #.#%o..o..# ..
#..oo.#.# ##
##..###... #..
### #.# #.


You could see 3 centaurs and an orc wizard.

Vanquished Creatures
  A sky beast (D:6)
  An ogre (D:5)
  2 centaurs (D:5)
  3 crimson imps (D:5)
  4 orc wizards
  5 orc priests
  A giant frog skeleton (D:5)
  2 centaur skeletons (D:5)
  5 worker ants
  A hound zombie (D:5)
  The ghost of Uberwunderbarhen the Scratcher, a weakling FeTm (D:3)
  2 adders (D:4)
  A gnoll (D:4)
  2 shadow imps
  An ooze (D:3)
  An adder skeleton (D:4)
  A worm (D:3)
  3 giant geckos
  29 orcs
  A ball python (D:3)
  9 bats
  2 giant cockroaches
  7 goblins
  13 hobgoblins
  18 jackals
  7 kobolds
  A giant newt (D:3)
  A quokka skeleton (D:4)
  8 rats
133 creatures vanquished.

Vanquished Creatures (collateral kills)
  3 gnolls (D:4)
  6 orcs (D:4)
  A goblin (D:4)
  2 hobgoblins (D:4)
12 creatures vanquished.

Vanquished Creatures (others)
  A dancing weapon (D:6)
1 creature vanquished.

Grand Total: 146 creatures vanquished

Notes
Turn   | Place    | Note
--------------------------------------------------------------
     0 | D:1      | Kidiri the Spriggan Enchanter began the quest for the Orb.
     0 | D:1      | Reached XP level 1. HP: 9/9 MP: 5/5
   362 | D:1      | Reached XP level 2. HP: 13/13 MP: 6/6
   366 | D:1      | Learned a level 2 spell: Ensorcelled Hibernation
  1425 | D:2      | Reached XP level 3. HP: 16/16 MP: 8/8
  1430 | D:2      | Learned a level 3 spell: Dazzling Spray
  1583 | D:2      | You fall through a shaft for 2 floors!
  1971 | D:2      | Found a burning altar of Makhleb.
  2237 | D:3      | Reached skill level 5 in Stealth
  2477 | D:3      | Reached XP level 4. HP: 21/21 MP: 9/9
  2484 | D:3      | Learned a level 3 spell: Confuse
  2745 | D:3      | Found a shimmering altar of Xom.
  2772 | D:3      | Noticed Uberwunderbarhen's ghost (weakling FeTm)
  2778 | D:3      | Killed Uberwunderbarhen's ghost
  3065 | D:3      | Reached XP level 5. HP: 20/24 MP: 8/11
  3438 | D:4      | Reached skill level 1 in Ice Magic
  3663 | D:4      | Found a blossoming altar of Fedhas.
  3663 | D:4      | Found a deep blue altar of Sif Muna.
  3663 | D:4      | Found an ancient bone altar of Kikubaaqudgha.
  3663 | D:4      | Found a shattered altar of Ashenzari.
  3665 | D:4      | Found an opulent altar of Gozag.
  3665 | D:4      | Found a radiant altar of Vehumet.
  3665 | D:4      | Found a bloodstained altar of Trog.
  4157 | D:4      | Reached XP level 6. HP: 19/28 MP: 9/13
  4253 | D:4      | Learned a level 3 spell: Tukima's Dance
  4501 | D:4      | Reached skill level 5 in Dodging
  4501 | D:4      | Reached skill level 6 in Stealth
  5653 | D:4      | Found a snail-covered altar of Cheibriados.
  5905 | D:5      | Entered Level 5 of the Dungeon
  6816 | D:5      | Reached XP level 7. HP: 32/32 MP: 15/15
  6913 | D:5      | Reached skill level 1 in Conjurations
  7251 | D:5      | Reached skill level 5 in Spellcasting
  7266 | D:5      | Found a staircase to the Ecumenical Temple.
  7298 | Temple   | Entered the Ecumenical Temple
  7403 | Temple   | Became a worshipper of Dithmenos the Shadowed
  7526 | D:5      | Reached skill level 7 in Stealth
  7841 | D:5      | Found a basalt altar of Yredelemnul.
  7875 | D:5      | Reached skill level 1 in Invocations
  7973 | D:5      | Found a white marble altar of Elyvilon.
  8084 | D:5      | Reached XP level 8. HP: 36/36 MP: 12/17
  8477 | D:6      | Shot with an arrow by a centaur

Vault maps used:
D:1:      dpeg_arrival_stone_temple_mockup
D:2:      makhleb_grotto_becter, first_bread
D:3:      overflow_temple_1_default
D:4:      corexii_shack_village, grunt_temple_overflow_open,
          cheibriados_altar_wand_db, minmay_misc_feat_cross
D:5:      kennysheep_ying_yang, minmay_temple_entry_grid
D:6:      kennysheep_mini, kennysheep_generic_room_7, uniq_pikel
Temple:   hc_temple_tempest_star_small

Action                   |  1- 3 |  4- 6 |  7- 9 || total
-------------------------+-------+-------+-------++-------
Melee: Dagger            |   131 |   222 |    37 ||   390
 Cast: Corona            |     4 |     1 |       ||     5
       Ensorcelled Hiber |    11 |    30 |    15 ||    56
       Dazzling Spray    |     3 |     6 |     7 ||    16
       Confuse           |       |    20 |     3 ||    23
       Tukima's Dance    |       |    15 |     1 ||    16
  Use: Scroll            |     5 |     3 |     3 ||    11
       Potion            |       |     2 |       ||     2
 Stab: Sleeping          |    15 |    28 |     8 ||    51
       Invisible         |     1 |     4 |     2 ||     7
       Confused          |       |     6 |     2 ||     8
       Distracted        |       |     1 |       ||     1
  Eat: Bread ration      |       |     1 |       ||     1
       Fruit             |       |     3 |       ||     3
       Pizza             |       |     1 |       ||     1
